 Dungeon Crawl Stone Soup version 0.19-a0-1532-g228a5d9 (webtiles) character file.

8581 Amnesiac the Destroyer (level 11, -1/68 HPs)
             Began as a Mummy Wizard on Sept 13, 2016.
             Was a Priest of Vehumet.
             Slain by a troll (14 damage)
             ... on level 10 of the Dungeon.
             The game lasted 00:25:27 (16900 turns).

Amnesiac the Destroyer (Mummy Wizard)              Turns: 16900, Time: 00:25:28

Health: -1/68      AC:  6    Str: 10    XL:     11   Next: 11%
Magic:  7/22       EV: 12    Int: 23    God:    Vehumet [***...]
Gold:   548        SH:  0    Dex: 11    Spells: 9 memorised, 2 levels left

rFire  x . .     SeeInvis .     b - +2 short sword (elec)
rCold  + . .     Gourm    .     a - +0 robe
rNeg   + + +     Faith    .     (no shield)
rPois  ∞         Spirit   .     d - +0 helmet
rElec  .         Dismiss  .     h - +0 cloak
rCorr  .         Reflect  .     s - +1 pair of gloves
MR     +....     Harm     .     (no boots)
Stlth  ++........               (no amulet)
                                w - ring of wizardry
                                i - +2 ring of intelligence

@: about to teleport
A: no food or potions, fire vulnerability, cold resistance 1, negative energy
resistance 3, torment resistance, unbreathing
a: Renounce Religion


You were on level 10 of the Dungeon.
You worshipped Vehumet.
Vehumet was most pleased with you.
You were not hungry.

You visited 1 branch of the dungeon, and saw 10 of its levels.

You collected 548 gold pieces.

Inventory:

Hand Weapons
 b - a +2 short sword of electrocution (weapon)
 j - a +2 dagger of venom
Armour
 a - a +0 robe (worn)
 d - a +0 helmet (worn)
 h - a +0 cloak (worn)
 s - a +1 pair of gloves (worn)
Jewellery
 i - a +2 ring of intelligence (left hand)
 w - a ring of wizardry (right hand)
 z - an uncursed ring of ice
Wands
 r - a wand of heal wounds (5/9)
 t - a wand of teleportation (5/9)
 x - a wand of iceblast (3/15)
Scrolls
 e - a scroll of teleportation
 g - 2 scrolls of fog
 k - a scroll of fear
 l - 5 scrolls of noise
 m - 2 scrolls of identify
 n - 3 scrolls of remove curse
 o - 2 scrolls of amnesia
 p - 3 scrolls of blinking
 q - 3 scrolls of enchant armour
 u - a scroll of recharging
Books
 c - a book of Minor Magic

   Spells                             Type                      Level
   a - Magic Dart                     Conjuration                  1
   b - Blink                          Translocation                2
   c - Call Imp                       Summoning                    2
   d - Repel Missiles                 Charms/Air                   2
   e - Slow                           Hexes                        2
   f - Conjure Flame                  Conjuration/Fire             3
   g - Mephitic Cloud                 Conjuration/Poison/Air       3
 f - a book of Geomancy

   Spells                             Type                      Level
   a - Sandblast                      Earth                        1
   b - Passwall                       Transmutation/Earth          2
   c - Stone Arrow                    Conjuration/Earth            3
   d - Petrify                        Transmutation/Earth          4
   e - Lee's Rapid Deconstruction     Earth                        5
 v - a book of the Dragon

   Spells                             Type                      Level
   a - Flame Tongue                   Conjuration/Fire             1
   b - Cause Fear                     Hexes                        4
   c - Bolt of Fire                   Conjuration/Fire             6
   d - Dragon Form                    Transmutation                7
   e - Dragon's Call                  Summoning                    9


   Skills:
 - Level 1.5 Dodging
 - Level 1.5 Stealth
 + Level 7.8 Spellcasting
 * Level 9.2 Conjurations
 - Level 0.7 Summonings
 - Level 0.7 Translocations
 * Level 9.2 Earth Magic


You had 2 spell levels left.
You knew the following spells:

 Your Spells              Type           Power        Failure   Level  Hunger
a - Repel Missiles        Chrm/Air       #.....       6%          2    N/A
b - Blink                 Tloc           N/A          4%          2    N/A
c - Magic Dart            Conj           ####         1%          1    N/A
d - Call Imp              Summ           ##......     4%          2    N/A
e - Mephitic Cloud        Conj/Pois/Air  ###.....     1%          3    N/A
f - Lee's Rapid Deconstr  Erth           ######....   1%          5    N/A
s - Conjure Flame         Conj/Fire      ####....     1%          3    N/A
v - Passwall              Tmut/Erth      ####......   1%          2    N/A
z - Stone Arrow           Conj/Erth      ######       1%          3    N/A

Dungeon Overview and Level Annotations

Branches:
Dungeon (10/15)            Temple (0/1) D:5            Lair (0/6) D:10
    Orc: D:9-12

Altars:
Elyvilon
Hepliaklqana
Makhleb
Ru
Trog
Vehumet
Xom
Zin

Shops:
D:4 !


Innate Abilities, Weirdness & Mutations

You do not eat or drink.
Your flesh is vulnerable to fire.
You are immune to poison.
Your flesh is cold resistant. (rC+)
You are immune to negative energy. (rN+++)
You are immune to unholy pain and torment.
You can survive without breathing.


Message History

Confirm with . or Enter, or press ? or * to list all spells.
You don't have enough magic to cast that spell.
You hit the troll but do no damage. The troll completely misses you.
The troll claws you. The troll misses you.
You hit the troll but do no damage. The troll bites you. The troll claws you!
The troll barely misses you.
You hit the troll but do no damage. The troll bites you. The troll claws you.
The troll claws you but does no damage.
You hit the troll.
The troll is lightly wounded.
The troll bites you. The troll claws you!
* * * LOW HITPOINT WARNING * * *
The troll claws you but does no damage.
Unknown command.
There is an open door here.
As you read the scroll of teleportation, it crumbles to dust.
You feel strangely unstable. The troll barely misses you. The troll claws you!
* * * LOW HITPOINT WARNING * * *
The troll claws you!
You die...

# # # # #### ## # #..# .[. ####
#..# #### ....
...##########..#######..#####....
.................................
...............T@................
.............####'##.)####...†...
##...........#.....#..#..'.[.....
.#.......)...#.....#.(#..#.......
.#...........#.....###)...#######
.#...........#...................
.#...........#............#######
.#...........#.....)......#......
.#...........#............#..†...


You could see a troll.

Vanquished Creatures
  The ghost of Tux the Fighter, a novice DrTm of Cheibriados (D:8)
  The ghost of Soeti the Cutter, a novice VSAs of Cheibriados (D:10)
  2 centaur zombies (D:10)
  A komodo dragon (D:10)
  A troll (D:10)
  Grinder (D:3)
  A human (D:10)
  6 yaks
  3 hippogriffs
  Menkaure (D:4)
  2 water moccasins
  A phantom (D:4)
  2 ice beasts
  3 sky beasts
  A black bear (D:7)
  4 orc warriors
  2 necrophages
  3 ogres
  2 centaurs (D:5)
  A big kobold (D:8)
  5 giant frogs
  2 wyvern zombies
  2 scorpions (D:8)
  3 wights
  7 killer bees (D:8)
  2 howler monkeys
  7 crimson imps
  A giant frog zombie (D:6)
  2 quasits
  3 jellies
  2 centaur skeletons
  6 hounds
  4 orc priests
  2 giant frog skeletons
  3 iguanas
  8 orc wizards
  9 worker ants
  A hound zombie (D:10)
  2 hound skeletons (D:4)
  A howler monkey zombie (D:5)
  Robin (D:2)
  3 gnolls (D:3)
  A howler monkey skeleton (D:10)
  12 adders
  3 shadow imps
  An ooze (D:3)
  2 adder skeletons
  5 worms
  4 dart slugs
  6 giant geckos
  49 orcs
  4 giant cockroaches
  13 goblins
  9 hobgoblins
  25 jackals
  7 quokkas
  5 ball pythons
  9 bats
  5 giant newts
  A jackal skeleton (D:8)
  11 kobolds
  11 rats
298 creatures vanquished.

Vanquished Creatures (collateral kills)
  A dart slug (D:1)
  A giant cockroach (D:1)
2 creatures vanquished.

Vanquished Creatures (others)
  A scorpion (D:10)
  An orc (D:10)
  A quokka (D:3)
  A rat (D:3)
4 creatures vanquished.

Grand Total: 304 creatures vanquished

Notes
Turn   | Place    | Note
-------+----------+-------------------------------------------
     0 | D:1      | Amnesiac the Mummy Wizard began the quest for the Orb.
     0 | D:1      | Reached XP level 1. HP: 13/13 MP: 4/4
    50 | D:1      | Reached skill level 1 in Conjurations
   236 | D:1      | Reached XP level 2. HP: 19/19 MP: 0/6
   294 | D:1      | Learned a level 2 spell: Call Imp
  1085 | D:1      | Reached XP level 3. HP: 24/24 MP: 0/7
  1090 | D:1      | Learned a level 3 spell: Mephitic Cloud
  1375 | D:2      | Learned a level 3 spell: Stone Arrow
  1879 | D:3      | Noticed Robin
  2054 | D:2      | Reached skill level 1 in Earth Magic
  2183 | D:2      | Reached XP level 4. HP: 30/30 MP: 5/9
  2977 | D:3      | Found a hazy altar of Hepliaklqana.
  3261 | D:3      | Reached XP level 5. HP: 35/35 MP: 6/10
  3689 | D:2      | Killed Robin
  4086 | D:2      | Found a sacrificial altar of Ru.
  4994 | D:3      | Reached XP level 6. HP: 31/41 MP: 0/11
  5265 | D:4      | Noticed Grinder
  5471 | D:3      | Found a glowing silver altar of Zin.
  5472 | D:3      | Noticed an angel
  5575 | D:3      | Found a white marble altar of Elyvilon.
  5701 | D:3      | Found a shimmering altar of Xom.
  5807 | D:3      | Found a bloodstained altar of Trog.
  5811 | D:3      | Found a burning altar of Makhleb.
  6152 | D:4      | Reached XP level 7. HP: 25/46 MP: 2/13
  6519 | D:4      | Found a radiant altar of Vehumet.
  6593 | D:4      | Became a worshipper of Vehumet
  6735 | D:4      | Learned a level 2 spell: Passwall
  6738 | D:4      | Learned a level 2 spell: Blink
  6943 | D:3      | Paralysed by Grinder for 7 turns
  6951 | D:3      | Killed Grinder
  7357 | D:4      | Noticed Menkaure
  7359 | D:4      | Killed Menkaure
  7359 | D:4      | Reached skill level 5 in Conjurations
  7359 | D:4      | Reached XP level 8. HP: 52/52 MP: 7/14
  7413 | D:4      | Found Fuesei's Distillery.
  7750 | D:5      | Entered Level 5 of the Dungeon
  7758 | D:5      | Learned a level 2 spell: Repel Missiles
  7764 | D:5      | Reached skill level 5 in Earth Magic
  8045 | D:5      | Reached skill level 5 in Spellcasting
  8094 | D:5      | Found a staircase to the Ecumenical Temple.
  9001 | D:6      | Reached * piety under Vehumet
  9001 | D:6      | Offered knowledge of Flame Tongue by Vehumet.
  9452 | D:6      | Reached XP level 9. HP: 57/57 MP: 13/17
  9954 | D:6      | Learned a level 3 spell: Conjure Flame
 10940 | D:7      | Reached ** piety under Vehumet
 11133 | D:7      | Offered knowledge of Shock by Vehumet.
 12229 | D:8      | Reached XP level 10. HP: 50/63 MP: 6/20
 12353 | D:8      | Offered knowledge of Throw Frost by Vehumet.
 12398 | D:8      | Noticed Tux's ghost (novice DrTm)
 13294 | D:8      | HP: 1/63 [Tux's ghost (19)]
 13689 | D:8      | Killed Tux's ghost
 14040 | D:8      | Learned a level 5 spell: Lee's Rapid Deconstruction
 14966 | D:9      | Reached *** piety under Vehumet
 15373 | D:10     | Entered Level 10 of the Dungeon
 16104 | D:10     | Found a staircase to the Lair.
 16105 | D:10     | Noticed a hill giant
 16120 | D:10     | Noticed Soeti's ghost (novice VSAs)
 16125 | D:10     | Killed Soeti's ghost
 16125 | D:10     | Offered knowledge of Static Discharge by Vehumet.
 16125 | D:10     | Reached XP level 11. HP: 68/68 MP: 10/22
 16900 | D:10     | Slain by a troll

Vault maps used:
D:1:      roderic_crossed_star, serial_glass, glass_columns_a, glass_columns_b,
          glass_columns_a, glass_columns_a, minmay_strange_pillars,
          item_on_display_a, feat_on_display, hangedman_decor_clover_reticule
D:2:      overflow_temple_1_default, first_bread
D:3:      lemuel_round_altar, elyvilon_altar_4, zin_angel,
          grunt_temple_overflow_open, led_xom_imps, uniq_robin
D:4:      lemuel_crystal_altar, serial_shops, shop, uniq_menkaure, uniq_grinder
D:5:      st_stairs_5
D:10:     david_lair_shrubbed, serial_shops, nicolae_shop_waterfront,
          hangedman_stone_soup

Skill      XL: |  1  2  3  4  5  6  7  8  9 10 |
---------------+-------------------------------+-----
Conjurations   | 1 2 3 5 6 7 9 |  9.2
Earth Magic    | 1 2 3 4 6 7 9 |  9.2
Spellcasting   | 4 5 6 7 |  7.8
Dodging        | |  1.5
Stealth        | |  1.5
Summonings     | |  0.7
Translocations | |  0.7

Action                   |  1- 3 |  4- 6 |  7- 9 | 10-12 || total
-------------------------+-------+-------+-------+-------++-------
Melee: Dagger            |    12 |   121 |    46 |       ||   179
       Short sword       |       |       |    44 |    21 ||    65
 Cast: Magic Dart        |    81 |    15 |     2 |       ||    98
       Call Imp          |     2 |       |       |       ||     2
       Stone Arrow       |     8 |    90 |   176 |   165 ||   439
       Repel Missiles    |       |       |     1 |       ||     1
       Mephitic Cloud    |       |       |     6 |       ||     6
       Conjure Flame     |       |       |     2 |       ||     2
       Lee's Rapid Decon |       |       |       |    11 ||    11
  Use: Scroll            |       |     3 |     6 |     6 ||    15
 Stab: Sleeping          |     1 |       |       |       ||     1
       Confused          |       |       |     3 |       ||     3
Armor: Robe              |     7 |    48 |    21 |    22 ||    98
Dodge: Dodged            |    27 |   110 |    83 |    38 ||   258
       Deflected         |       |       |     1 |       ||     1
